 Dungeon Crawl Stone Soup version 0.24.0-10-g970556be89 (webtiles) character file.

Game seed: 15938482522834756805, levelgen mode: deterministic

4846 Matador8 the Slicer (level 10, -1/56 HPs)
             Began as a Vampire Necromancer on Nov 4, 2019.
             Was an Initiate of Gozag.
             Impaled on a porcupine's spines (7 damage)
             ... on level 8 of the Dungeon.
             The game lasted 01:25:43 (11515 turns).

Matador8 the Slicer (Vampire Necromancer)          Turns: 11515, Time: 01:25:43

Health: -1/56      AC: 10    Str:  9    XL:     10   Next: 25%
Magic:  24/25      EV: 10    Int: 20    God:    Gozag
Gold:   512        SH:  0    Dex: 14    Spells: 6/17 levels left

rFire    . . .     SeeInvis +   J - +1 dagger (speed)
rCold    + + .     Gourm    .   (no shield)
rNeg     + + +     Faith    .   k - +1 ring mail {rPois}
rPois    ∞         Spirit   .   G - +1 helmet
rElec    .         Reflect  .   (no cloak)
rCorr    .         Harm     .   y - +0 pair of gloves
MR       +....                  (no boots)
Stlth    ++++++....             (no amulet)
HPRegen  0.00/turn              d - ring of magical power
MPRegen  0.19/turn              s - ring of stealth

@: confusing touch, bloodless, regenerating quickly
A: no food, fangs 3, see invisible, unbreathing
a: Bat Form, Revivify, Potion Petition, Call Merchant, Bribe Branch, Renounce
Religion


You were on level 8 of the Dungeon.
You worshipped Gozag.
Gozag was pleased with you.
You were bloodless.

You visited 2 branches of the dungeon, and saw 9 of its levels.

You collected 1256 gold pieces.
You spent 66 gold pieces at shops.
You paid 678 gold pieces to Gozag.

Inventory:

Hand Weapons
 b - a +0 short sword
 j - a +1 whip of electrocution
 n - a +0 dagger of protection
 J - a +1 dagger of speed (weapon)
Missiles
 h - 53 poisoned darts (quivered)
 x - a throwing net
Armour
 a - a +0 robe
 g - a +2 large shield
 k - a +1 ring mail of poison resistance (worn)
 y - a +0 pair of gloves (worn)
 A - a cursed +0 scale mail
 G - a +1 helmet (worn)
Jewellery
 d - a ring of magical power (left hand)
 e - an uncursed ring of positive energy
 s - a ring of stealth (right hand)
Wands
 o - a wand of clouds (11)
 u - a wand of polymorph (6)
 H - a wand of flame (7)
Scrolls
 p - a scroll of enchant armour
 q - a scroll of magic mapping
 r - 2 scrolls of amnesia
 t - a scroll of fog {unknown}
 v - a scroll of remove curse
 w - 2 scrolls of fear {unknown}
 z - a scroll of blinking {unknown}
 B - 2 scrolls of noise
 F - a scroll of teleportation {unknown}
 K - a scroll of identify
Potions
 c - 7 potions of curing
 f - a potion of might {unknown}
 i - a potion of flight {unknown}
 l - 3 potions of brilliance
 C - a potion of invisibility {unknown}
 D - a potion of magic {unknown}
 E - a potion of agility {unknown}
 I - a potion of heal wounds {unknown}
 L - 2 potions of resistance {unknown}
Comestibles
 m - 8 rations


   Skills:
 - Level 3.5 Fighting
 * Level 9.9 Short Blades
 - Level 3.2 Armour
 - Level 2.1 Dodging
 - Level 8.0 Stealth
 - Level 4.0 Spellcasting
 - Level 8.0 Hexes
 - Level 7.5 Necromancy
 - Level 2.4 Evocations


You had 6 spell levels left.
You knew the following spells:

 Your Spells              Type           Power        Failure   Level  Hunger
a - Pain                  Necr           ####         1%          1    N/A
b - Confusing Touch       Hex            #####.       1%          1    N/A
c - Vampiric Draining     Necr           ####......   4%          3    N/A
d - Regeneration          Chrm/Necr      ###.......   22%         3    N/A
e - Confuse               Hex            #####...     3%          3    N/A

Your spell library contained the following spells:

 Spells                   Type           Power        Failure   Level  Hunger
 Animate Skeleton         Necr           N/A          1%          1    N/A
 Animate Dead             Necr           N/A          16%         4    N/A
 Gell's Gravitas          Tloc           #.........   69%         3    N/A
 Metabolic Englaciation   Hex/Ice        ###.......   87%         5    N/A
 Yara's Violent Unravell  Hex/Tmut       ###.......   87%         5    N/A
 Petrify                  Tmut/Erth      #.......     97%         4    N/A

Dungeon Overview and Level Annotations

Branches:
Dungeon (8/15)             Temple (1/1) D:4
   Lair: D:8-11

Altars:
Ashenzari
Cheibriados
Elyvilon
Fedhas
Gozag
Hepliaklqana
Kikubaaqudgha
Nemelex Xobeh
Qazlal
Ru
Sif Muna
Trog
Uskayaw
Vehumet
Wu Jian
Xom
Zin
The Shining One

Shops:
D:7 ?   D:8 [

Annotations:
D:4 1 exclusion, Grinder, Menkaure
D:5 Pikel


Innate Abilities, Weirdness & Mutations

You do not eat.
You do not regenerate when monsters are visible.
You are frail without blood (-20% HP).
You can heal yourself when you bite living creatures.
You are immune to poison.
You have razor-sharp teeth.
You have supernaturally acute eyesight. (SInv)
You can survive without breathing.


Message History

The porcupine bites you but does no damage.
The porcupine bites you!
You hit the porcupine but do no damage.
The porcupine is severely wounded.
Your ring mail prevents you from hitting the porcupine.
The porcupine is severely wounded.
You hit the porcupine but do no damage.
The porcupine is severely wounded.
The porcupine bites you but does no damage.
You are struck by the porcupine's spines.
You hit the porcupine but do no damage.
The porcupine is severely wounded.
You are struck by the porcupine's spines.
You barely miss the porcupine.
The porcupine is severely wounded.
The porcupine bites you!
* * * LOW HITPOINT WARNING * * *
You are struck by the porcupine's spines.
You die...
Your body crumbles into a pile of gold.

.................#..♣...
....#.#########.........
......# ###...P.r.
.....## ########......♣
.....### #......#...P...
.......# #.....>#.......
....##.###..............
....##...#......#r#♣$...
.....###.#....<.@.# ....
...#.###.#......#....(..
...#..##.#......#.#.....
................$.......
...###.##.....###.......
.........####...##......
...###.......##....... #
[..######.......#......
.........r....#.......


You could see 2 porcupines.

Vanquished Creatures
  A two-headed ogre (D:8)
  Joseph (D:7)
  3 hippogriffs
  A spriggan (D:7)
  A basilisk (D:8)
  A porcupine (D:8)
  A water moccasin (D:7)
  3 sky beasts
  A slave (D:5)
  An ice beast (D:5)
  A necrophage (D:6)
  2 centaurs
  5 ogres
  A crocodile (D:8)
  A scorpion (D:4)
  6 killer bees
  3 howler monkeys
  6 crimson imps
  2 jellies (D:6)
  A bullfrog skeleton (D:5)
  2 orc priests
  5 orc wizards
  3 hounds
  A gnoll shaman (D:3)
  2 worker ants (D:8)
  2 killer bee zombies
  A hound skeleton (D:6)
  A worker ant zombie (D:8)
  Robin (D:4)
  28 gnolls
  8 adders
  A shadow imp (D:8)
  An adder zombie (D:8)
  2 adder skeletons
  2 worms (D:2)
  A dart slug (D:4)
  A leopard gecko (D:2)
  20 orcs
  8 bats
  3 giant cockroaches (D:1)
  12 goblins
  11 hobgoblins
  12 jackals
  6 quokkas
  A ball python (D:3)
  6 frilled lizards
  11 kobolds
  A quokka zombie (D:8)
  8 rats
203 creatures vanquished.

Vanquished Creatures (collateral kills)
  A gnoll shaman (D:3)
  8 gnolls (D:3)
  An adder (D:4)
  A dart slug (D:3)
  A hobgoblin (D:4)
  2 jackals (D:3)
  A bat (D:2)
15 creatures vanquished.

Vanquished Creatures (others)
  A bush (D:8)
  25 plants (D:8)
26 creatures vanquished.

Grand Total: 244 creatures vanquished

Notes
Turn   | Place    | Note
-------+----------+-------------------------------------------
     0 | D:1      | Matador8 the Vampire Necromancer began the quest for the
                  | Orb.
     0 | D:1      | Reached XP level 1. HP: 13/13 MP: 3/3
     2 | D:1      | Learned a level 1 spell: Animate Skeleton
   217 | D:1      | Reached XP level 2. HP: 8/15 MP: 0/5
   639 | D:1      | Reached skill level 5 in Necromancy
   639 | D:1      | Reached XP level 3. HP: 19/19 MP: 6/6
   772 | D:1      | Learned a level 3 spell: Vampiric Draining
  1712 | D:2      | Reached XP level 4. HP: 16/24 MP: 5/7
  2442 | D:3      | Learned a level 3 spell: Regeneration
  2579 | D:3      | Found a blossoming altar of Fedhas.
  2621 | D:3      | Found a hazy altar of Hepliaklqana.
  2837 | D:3      | Reached XP level 5. HP: 28/28 MP: 4/9
  3011 | D:3      | You fall into a shaft and drop 2 floors!
  3011 | D:5      | Entered Level 5 of the Dungeon
  3195 | D:5      | Found a shattered altar of Ashenzari.
  3450 | D:4      | Noticed Robin
  3450 | D:4      | Noticed Menkaure
  3795 | D:3      | Noticed an ogre
  3824 | D:3      | Reached XP level 6. HP: 21/32 MP: 7/11
  4454 | D:3      | Reached skill level 1 in Short Blades
  4736 | D:3      | Reached skill level 2 in Short Blades
  5086 | D:3      | Reached skill level 5 in Stealth
  5583 | D:3      | Reached XP level 7. HP: 36/36 MP: 7/13
  5685 | D:3      | Reached skill level 3 in Short Blades
  5951 | D:4      | Found a shimmering altar of Xom.
  5981 | D:4      | Found a staircase to the Ecumenical Temple.
  5982 | D:4      | Noticed Grinder
  6176 | D:4      | Reached skill level 1 in Fighting
  6297 | Temple   | Entered the Ecumenical Temple
  6419 | Temple   | Became a worshipper of Gozag Ym Sagoz the Greedy
  6631 | Temple   | Learned a level 3 spell: Confuse
  6860 | D:5      | Found an ornate altar of the Wu Jian Council.
  6860 | D:5      | Noticed Pikel
  6961 | D:5      | Reached skill level 1 in Hexes
  6968 | D:5      | Found a sacrificial altar of Ru.
  7289 | D:4      | Killed Robin
  7513 | D:5      | Reached XP level 8. HP: 43/45 MP: 1/14
  7596 | D:5      | Found a stormy altar of Qazlal.
  7772 | D:5      | Found a glowing silver altar of Zin.
  7827 | D:5      | Learned a level 1 spell: Confusing Touch
  7963 | D:5      | Found an ancient bone altar of Kikubaaqudgha.
  8595 | D:6      | Reached skill level 1 in Evocations
  8783 | D:6      | Reached skill level 4 in Short Blades
  8809 | D:6      | Reached skill level 5 in Hexes
  9094 | D:7      | Found a bloodstained altar of Trog.
  9413 | D:6      | Reached skill level 5 in Short Blades
  9471 | D:6      | Reached XP level 9. HP: 37/51 MP: 13/15
  9731 | D:7      | Noticed Joseph
  9762 | D:7      | Reached skill level 1 in Armour
  9771 | D:7      | Killed Joseph
  9771 | D:7      | Reached skill level 6 in Short Blades
  9857 | D:7      | Found Couguoll's Magic Scroll Shoppe.
  9867 | D:7      | Bought a scroll of identify for 22 gold pieces
  9867 | D:7      | Bought a scroll of identify for 22 gold pieces
  9867 | D:7      | Bought a scroll of identify for 22 gold pieces
  9945 | D:7      | Found a shimmering blue altar of Sif Muna.
  9972 | D:7      | Reached skill level 7 in Short Blades
 10368 | D:8      | Reached skill level 8 in Short Blades
 10471 | D:8      | Noticed a two-headed ogre
 10816 | D:8      | Found Myppigit's Armour Shoppe.
 10843 | D:8      | Found a sparkling altar of Nemelex Xobeh.
 10860 | D:8      | Reached XP level 10. HP: 53/56 MP: 16/16
 11209 | D:8      | Reached skill level 9 in Short Blades
 11397 | D:8      | Killed a two-headed ogre
 11515 | D:8      | Impaled on a porcupine's spines

Levels and vault maps discovered:
D:1:      roderic_crossed_star, layout_basic, minmay_tetromino_o2
D:2:      layout_basic, first_ration
D:3:      lemuel_castle_with_subvaults [lemuel_castle_interior_carwin_3],
          layout_loops_ring, fedhas_altar_4, lemuel_crystal_altar,
          kennysheep_generic_room_8
D:4:      layout_basic, kennysheep_mini, minmay_temple_entry_grid, uniq_robin,
          uniq_menkaure, uniq_grinder
D:5:      layout_loops_ring, kennysheep_little_box, marbit_many_paths,
          lemuel_round_altar, zin_scriptorium, nicolae_overflow_crystal_walls,
          basic_altar, uniq_pikel
D:6:      layout_loops_corners
D:7:      layout_basic, led_sif_pool, serial_shops,
          nicolae_shop_temple_entry_statues_fountains, basic_altar,
          minivault_19, the_bakery, minmay_starry_boxes, uniq_joseph
D:8:      layout_rooms, nicolae_dithmenos_through_a_glass_darkly,
          minmay_lair_entry_grove, serial_shops, shop, basic_altar
Temple:   kb_temple_of_zot

Skill      XL: |  1  2  3  4  5  6  7  8  9 10 |
---------------+-------------------------------+-----
Necromancy     | 5 6 7 |  7.5
Stealth        | 4 5 7 8 |  8.0
Spellcasting   | 3 4 |  4.0
Short Blades   | 2 3 5 8 9 |  9.9
Fighting       | 2 3 |  3.5
Hexes          | 2 5 8 |  8.0
Evocations     | 2 |  2.4
Armour         | 3 |  3.2
Dodging        | |  2.1

Action                   |  1- 3 |  4- 6 |  7- 9 | 10-12 || total
-------------------------+-------+-------+-------+-------++-------
Melee: Short sword       |    44 |       |       |       ||    44
       Bite              |     3 |    11 |    32 |    11 ||    57
       Dagger            |    15 |   117 |   370 |    97 ||   599
 Cast: Pain              |    38 |   109 |   100 |     3 ||   250
       Animate Skeleton  |     5 |    25 |     6 |       ||    36
       Vampiric Draining |     1 |     7 |    38 |     3 ||    49
       Regeneration      |       |       |     2 |       ||     2
       Confusing Touch   |       |       |    13 |     6 ||    19
       Confuse           |       |       |     8 |     5 ||    13
Invok: Potion Petition   |       |       |     2 |       ||     2
 Abil: Exsanguinate      |     1 |       |       |       ||     1
       End Transformatio |       |     1 |     1 |       ||     2
       Bat Form          |       |     1 |     1 |       ||     2
  Use: Scroll            |       |       |     8 |       ||     8
       Potion            |       |       |     1 |       ||     1
 Stab: Sleeping          |    12 |    12 |    17 |     1 ||    42
       Distracted        |       |       |     2 |       ||     2
       Confused          |       |       |    16 |     6 ||    22
Armor: Robe              |     8 |    14 |    34 |       ||    56
       Ring mail         |       |       |    16 |    43 ||    59
Dodge: Dodged            |    33 |    76 |   132 |    29 ||   270
